cohdb
Replays
Latest Replays
All Replays
Popular Replays
Top Player Replays
Match Explorer
How It Works
Community
CoH3 Stats
Reddit
Sign in to upload your games and track your stats! →
Sign in with Steam
Match 46063253
Unlisted
Match 46063253
Overview
Messages
Build Orders
End
Construct Barracks
Selects Special Operations Battlegroup
Selects M29 Weasel Recon Vehicle
M29 Weasel Recon Vehicle
Construct Barracks
Riflemen Squad
Riflemen Squad
Grenade Package
Engineer Squad
Riflemen Squad
Construct Weapon Support Center
M1919 Machine Gun Team
Infantry Support Center
Construct Motor Pool
M24 Chaffee Light Tank
M1919 Machine Gun Team
M1 Anti-tank Gun Team
Selects Smoke Screen
Selects SSF Commando Squad
Smoke Screen
M1 Anti-tank Gun Team
thecrazycowboygeneral
Enthtai
MiniMitMit
Kampfstärke
조영
GhostDePhantom
0
0
Comments
sign in to comment!
No comments posted yet!